 Dungeon Crawl Stone Soup version 0.26-a0-227-g1af32d979d (webtiles) character file.

Game seed: 16978439209563702634

76 Gargoyl the Skirmisher (level 4, -2/38 HPs)
             Began as a Centaur Abyssal Knight on July 7, 2020.
             Was a Follower of Lugonu.
             Killed from afar by an orc wizard (5 damage)
             ... with a puff of flame
             ... on level 3 of the Dungeon.
             The game lasted 00:02:37 (1429 turns).

Gargoyl the Skirmisher (Centaur Abyssal Knight)     Turns: 1429, Time: 00:02:39

Health: -2/38      AC:  7    Str: 14    XL:     4   Next: 12%
Magic:  5/5        EV:  4    Int: 11    God:    Lugonu [*.....]
Gold:   74         SH:  0    Dex: 10    Spells: 3/3 levels left

rFire    . . .     SeeInvis .   a - +1 hand axe
rCold    . . .     Faith    .   (no shield)
rNeg     . . .     Spirit   .   d - +0 chain mail
rPois    .         Reflect  .   (no helmet)
rElec    .         Harm     .   (no cloak)
rCorr    .                      (no gloves)
MR       +....                  (no barding)
Stlth    ..........             (no amulet)
HPRegen  0.12/turn              f - ring of stealth
MPRegen  0.09/turn              h - ring of protection from magic

@: very quick
A: large, hooves 3, deformed body, speed 2, tough skin 3
a: Depart the Abyss, Renounce Religion


You were on level 3 of the Dungeon.
You worshipped Lugonu.
Lugonu was aware of your devotion.
You were not hungry.

You visited 1 branch of the dungeon, and saw 4 of its levels.
You visited the Abyss 1 time.

You collected 74 gold pieces.

Inventory:

Hand Weapons
 a - a +1 hand axe (weapon)
 b - a +0 war axe
Missiles
 g - 6 boomerangs (quivered)
Armour
 d - a +0 chain mail (worn)
Jewellery
 f - a ring of stealth (left hand)
 h - a ring of protection from magic (right hand)
Potions
 j - a potion of flight {unknown}
 k - a potion of mutation {unknown}
Comestibles
 c - 3 rations


   Skills:
 + Level 3.4 Fighting
 + Level 2.3 Axes
 * Level 2.2 Armour
 * Level 1.2 Dodging
 * Level 2.4 Invocations


You had 3 spell levels left.
You didn't know any spells.
Your spell library was empty.

Dungeon Overview and Level Annotations

Branches:
Dungeon (4/15)
 Temple: D:4-7

Altars:


Innate Abilities, Weirdness & Mutations

You have hooves in place of feet.
Armour fits poorly on your strangely shaped body.
You cover ground very quickly.
You have extremely tough skin. (AC +3)


Message History

The orc hits you but does no damage. x2
You hear some strange, mumbled words.
A puff of flame appears from out of thin air!
The puff of flame hits you.
You hit the orc.
The orc is almost dead.
You completely miss the orc. You miss something.
The orc hits you but does no damage. The orc hits you with a +0 hand axe.
You hear some strange, mumbled words.
A puff of flame appears from out of thin air!
The puff of flame hits you!
* * * LOW HITPOINT WARNING * * *
You closely miss the orc.
The orc is almost dead.
You closely miss the orc. You closely miss something.
The orc hits you but does no damage.
You hear some strange, mumbled words.
A puff of flame appears from out of thin air!
The puff of flame hits you.
You die...

######## #......#
#......#
#......### ###
####### #........#
....#.†...##
#......#
......)††..##
#oo....#
......>.....####@#
##.#o
.......†......).{#
#...
............######
#..o
..............
####..
.....$..........
)....
.................
#..########
....#...........#
##..o.......
########.........
#.).†.......
..........#
#..#...o>....


You could see 2 orcs.

Vanquished Creatures
  A worker ant (D:3)
  2 leopard geckos
  4 orcs (D:3)
  3 giant cockroaches
  7 goblins
  5 hobgoblins (D:1)
  2 jackals (D:3)
  2 quokkas (D:3)
  4 bats
  A frilled lizard (D:1)
  2 kobolds (D:1)
  8 rats
41 creatures vanquished.

Notes
Turn   | Place    | Note
-------+----------+-------------------------------------------
     0 | Abyss:1  | Gargoyl the Centaur Abyssal Knight began the quest for the
                  | Orb.
     0 | Abyss:1  | Reached XP level 1. HP: 19/19 MP: 2/2
    38 | Abyss:1  | Noticed a raiju
    70 | Abyss:1  | Noticed a small abomination
    82 | D:1      | Escaped the Abyss
   454 | D:1      | Reached XP level 2. HP: 25/26 MP: 3/3
   495 | D:1      | Reached * piety under Lugonu
   571 | D:1      | Reached skill level 1 in Dodging
  1159 | D:2      | Reached XP level 3. HP: 30/31 MP: 4/4
  1345 | D:3      | Reached XP level 4. HP: 18/38 MP: 5/5
  1429 | D:3      | Killed from afar by an orc wizard

Illustrated notes

Levels and vault maps discovered:
D:1:      roderic_crop_circles_arrival_large, layout_loops_ring
D:2:      layout_loops_ring, first_ration, minmay_cut_off
D:3:      layout_rooms
D:4:      layout_gridville, uniq_natasha

Skill      XL: |  1  2  3 |
---------------+----------+-----
Dodging        | 1 |  1.2
Axes           | 2 |  2.3
Armour         | 2 |  2.2
Fighting       | |  3.4
Invocations    | |  2.4

Action                   |  1- 3 |  4- 6 || total
-------------------------+-------+-------++-------
Melee: Hand axe          |   113 |    14 ||   127
       Kick              |    10 |     2 ||    12
Invok: Depart the Abyss  |     1 |       ||     1
  Use: Potion            |     2 |       ||     2
       Scroll            |     1 |       ||     1
  Eat: Ration            |       |     1 ||     1
Armor: Chain mail        |    89 |    11 ||   100
Dodge: Dodged            |    45 |     1 ||    46

Table legend:
 A = Non-vault XP
 B = Vault XP
 C = Vault XP percentage of total XP
 D = Non-vault monster count
 E = Vault monster count
 F = Vault count percentage of total count
                 A         B        C        D         E       F
            +---------+---------+-------+---------+---------+-------
      Total |     109 |       0 |   0.0 |      41 |       0 |   0.0
            +---------+---------+-------+---------+---------+-------
        D:1 |      39 |       0 |   0.0 |      24 |       0 |   0.0
        D:2 |       3 |       0 |   0.0 |       2 |       0 |   0.0
        D:3 |      67 |       0 |   0.0 |      15 |       0 |   0.0
            +---------+---------+-------+---------+---------+-------
